ORI
COASTAL CAROLINA UNIVERSITY CHANTICLEERS @ UNIVERSITY OF CONNETICUT HUSKIES
11/04/2046
 
TOP OF THE 1ST
Coastal Carolina University Chanticleers batting - Pitching for University of Conneticut Huskies : RHP Sherwood Abernethy
Pitching: RHP Sherwood Abernethy
Batting: RHB Ferri Casteleijn 0-0: Called Strike
0-1: Ground out 6-3 (Groundball, 6, EV 82.5 MPH)
Batting: RHB Chris Marcellus 0-0: Swinging Strike
0-1: Ball
1-1: Foul Ball, location: 2F
1-2: Ball
2-2: Foul Ball, location: 2F
2-2: Strikes out swinging
Batting: RHB Dennis Bennett 0-0: Ball
1-0: Ball
2-0: Called Strike
2-1: Swinging Strike
2-2: SINGLE (Groundball, 6MD, EV 93.8 MPH)
Batting: LHB Justin Sanders 0-0: Called Strike
0-1: Ball
1-1: Ball
2-1: Swinging Strike
2-2: Ball
3-2: Strikes out swinging
Top of the 1st over - 0 runs, 1 hit, 0 errors, 1 left on base; Coastal Carolina University 0 - University of Conneticut 0
BOTTOM OF THE 1ST
University of Conneticut Huskies batting - Pitching for Coastal Carolina University Chanticleers : RHP Eddie Larnach
Pitching: RHP Eddie Larnach
Batting: LHB Hector Acosta 0-0: Ball
1-0: Foul Ball, location: 2F
1-1: Swinging Strike
1-2: Foul Ball, location: 2F
1-2: Ball
2-2: Ball
3-2: Foul Ball, location: 2F
3-2: Ground out U3 (Groundball, 3S, EV 85.0 MPH)
Batting: RHB Kyle Finney 0-0: Ball
1-0: Called Strike
1-1: Ball
2-1: Ball
3-1: Called Strike
3-2: Strikes out swinging
Batting: RHB Jordan Nicholas 0-0: Called Strike
0-1: Swinging Strike
0-2: Strikes out looking
Bottom of the 1st over - 0 runs, 0 hits, 0 errors, 0 left on base; Coastal Carolina University 0 - University of Conneticut 0
TOP OF THE 2ND
Coastal Carolina University Chanticleers batting - Pitching for University of Conneticut Huskies : RHP Sherwood Abernethy
Batting: RHB Isaac Washington 0-0: Ball
1-0: Fly out, F6 (Line Drive, 56, EV 66.9 MPH)
Batting: LHB Orlando Hurtado 0-0: Fly out, F9 (Flyball, 9LM, EV 91.9 MPH)
Batting: RHB Tatsunori Ishigaki 0-0: Ground out 5-3 (Groundball, 5L, EV 85.6 MPH)
Top of the 2nd over - 0 runs, 0 hits, 0 errors, 0 left on base; Coastal Carolina University 0 - University of Conneticut 0
BOTTOM OF THE 2ND
University of Conneticut Huskies batting - Pitching for Coastal Carolina University Chanticleers : RHP Eddie Larnach
Batting: LHB Andrew Barzee 0-0: Ball
1-0: Foul Ball, location: 2F
1-1: Ground out 5-3 (Groundball, 56, EV 78.8 MPH)
Batting: LHB Omar Alba 0-0: Called Strike
0-1: Ball
1-1: Ball
2-1: Called Strike
2-2: Foul Ball, location: 2F
2-2: Strikes out swinging
Batting: RHB Cullen Elliott 0-0: Ball
1-0: Called Strike
1-1: Called Strike
1-2: Ball
2-2: Strikes out swinging
Bottom of the 2nd over - 0 runs, 0 hits, 0 errors, 0 left on base; Coastal Carolina University 0 - University of Conneticut 0
TOP OF THE 3RD
Coastal Carolina University Chanticleers batting - Pitching for University of Conneticut Huskies : RHP Sherwood Abernethy
Batting: RHB Oscar Hernandez 0-0: SINGLE (Groundball, 6MD, EV 103.1 MPH)
Batting: RHB Fernando Tovar 0-0: Fly out, F8 (Flyball, 8RD, EV 91.9 MPH)
Batting: RHB Ferri Casteleijn 0-0: Called Strike
0-1: Fielders Choice at 2nd, 6-4 (Groundball, 6, EV 111.9 MPH)
Batting: RHB Chris Marcellus 0-0: Fly out, F3 (Line Drive, 3L, EV 66.2 MPH)
Top of the 3rd over - 0 runs, 1 hit, 0 errors, 1 left on base; Coastal Carolina University 0 - University of Conneticut 0
BOTTOM OF THE 3RD
University of Conneticut Huskies batting - Pitching for Coastal Carolina University Chanticleers : RHP Eddie Larnach
Batting: RHB Jack Vokey 0-0: Ball
1-0: Ball
2-0: Foul Ball, location: 2F
2-1: Ball
3-1: Fly out, F6 (Line Drive, 6M, EV 67.5 MPH)
Batting: RHB Lee Wilbur 0-0: Called Strike
0-1: Ball
1-1: Ground out 5-3 (Groundball, 56, EV 106.9 MPH)
Batting: RHB Roku Kawano 0-0: Ground out 6-3 (Groundball, 6, EV 98.1 MPH)
Bottom of the 3rd over - 0 runs, 0 hits, 0 errors, 0 left on base; Coastal Carolina University 0 - University of Conneticut 0
TOP OF THE 4TH
Coastal Carolina University Chanticleers batting - Pitching for University of Conneticut Huskies : RHP Sherwood Abernethy
Batting: RHB Dennis Bennett 0-0: Reached on error, E4 (Groundball, 4, EV 88.8 MPH)
Batting: LHB Justin Sanders 0-0: Fly out, F8 (Flyball, 89D, EV 87.5 MPH)
Batting: RHB Isaac Washington 0-0: Ball
1-0: Ball
2-0: Ball
3-0: Base on Balls
Dennis Bennett to second
Batting: LHB Orlando Hurtado 0-0: Called Strike
0-1: Ball
1-1: Swinging Strike
1-2: Ball
2-2: Fly out, F4 (Popup, 4S, EV 70.6 MPH)
Batting: RHB Tatsunori Ishigaki 0-0: Called Strike
0-1: Ball
1-1: Foul Ball, location: 2F
1-2: Strikes out looking
Top of the 4th over - 0 runs, 0 hits, 1 error, 2 left on base; Coastal Carolina University 0 - University of Conneticut 0
BOTTOM OF THE 4TH
University of Conneticut Huskies batting - Pitching for Coastal Carolina University Chanticleers : RHP Eddie Larnach
Batting: LHB Hector Acosta 0-0: Ball
1-0: Foul Ball, location: 2F
1-1: Called Strike
1-2: Strikes out swinging
Batting: RHB Kyle Finney 0-0: Called Strike
0-1: Foul Ball, location: 2F
0-2: Fly out, F6 (Popup, 56D, EV 51.9 MPH)
Batting: RHB Jordan Nicholas 0-0: Called Strike
0-1: SINGLE (Groundball, 56, EV 108.1 MPH) (infield hit)
Batting: LHB Andrew Barzee 0-0: Ball
1-0: Ball
2-0: Ball
3-0: Base on Balls
Jordan Nicholas to second
Batting: LHB Omar Alba 0-0: Ball
1-0: Foul Ball, location: 2F
1-1: Foul Ball, location: 2F
1-2: Foul Ball, location: 2F
1-2: Ball
2-2: Foul Ball, location: 2F
2-2: Strikes out swinging
Bottom of the 4th over - 0 runs, 1 hit, 0 errors, 2 left on base; Coastal Carolina University 0 - University of Conneticut 0
TOP OF THE 5TH
Coastal Carolina University Chanticleers batting - Pitching for University of Conneticut Huskies : RHP Sherwood Abernethy
Batting: RHB Oscar Hernandez 0-0: Foul Ball, location: 2F
0-1: Fly out, F4 (Popup, 34D, EV 55.0 MPH)
Batting: RHB Fernando Tovar 0-0: Ball
1-0: Foul Ball, location: 2F
1-1: Foul Ball, location: 2F
1-2: Ground out 5-3 (Groundball, 56S, EV 88.1 MPH)
Batting: RHB Ferri Casteleijn 0-0: Ball
1-0: Called Strike
1-1: Ball
2-1: Swinging Strike
2-2: Reached on error, E6 (Groundball, 6, EV 84.4 MPH)
Batting: RHB Chris Marcellus 0-0: Ball
Ferri Casteleijn steals 2nd base
1-0: Foul Ball, location: 2F
1-1: Ball
2-1: Foul Ball, location: 2F
2-2: Strikes out swinging
Top of the 5th over - 0 runs, 0 hits, 1 error, 1 left on base; Coastal Carolina University 0 - University of Conneticut 0
BOTTOM OF THE 5TH
University of Conneticut Huskies batting - Pitching for Coastal Carolina University Chanticleers : RHP Eddie Larnach
Batting: RHB Cullen Elliott 0-0: Foul Ball, location: 2F
0-1: Ground out 4-3 (Groundball, 4MS, EV 90.0 MPH)
Batting: RHB Jack Vokey 0-0: Ball
1-0: Ball
2-0: Called Strike
2-1: Reached on error, E6 (Groundball, 6, EV 83.1 MPH)
Batting: RHB Lee Wilbur 0-0: Called Strike
0-1: Ball
1-1: Ball
2-1: Swinging Strike
2-2: Strikes out swinging
Batting: RHB Roku Kawano 0-0: Called Strike
0-1: Fly out, F8 (Flyball, 8RM, EV 86.2 MPH)
Bottom of the 5th over - 0 runs, 0 hits, 1 error, 1 left on base; Coastal Carolina University 0 - University of Conneticut 0
TOP OF THE 6TH
Coastal Carolina University Chanticleers batting - Pitching for University of Conneticut Huskies : RHP Sherwood Abernethy
Batting: RHB Dennis Bennett 0-0: Called Strike
0-1: SINGLE (Groundball, 34D, EV 105.0 MPH)
Batting: LHB Justin Sanders 0-0: Ball
1-0: Called Strike
1-1: Foul Ball, location: 2F
1-2: Strikes out swinging
Batting: RHB Isaac Washington 0-0: Ball
1-0: Ball
2-0: Ball
3-0: Base on Balls
Dennis Bennett to second
Batting: LHB Orlando Hurtado 0-0: Ball
Passed Ball!
Dennis Bennett to third
Isaac Washington to second
1-0: Ball
2-0: Swinging Strike
2-1: Ball
3-1: Called Strike
3-2: Ground out 6-3 (Groundball, 6, EV 96.2 MPH)
Batting: RHB Tatsunori Ishigaki 0-0: Foul Ball, location: 2F
0-1: Foul Ball, location: 2F
0-2: Ball
1-2: Foul Ball, location: 2F
1-2: Ball
2-2: Fly out, F7 (Flyball, 78S, EV 83.1 MPH)
Top of the 6th over - 0 runs, 1 hit, 0 errors, 2 left on base; Coastal Carolina University 0 - University of Conneticut 0
BOTTOM OF THE 6TH
University of Conneticut Huskies batting - Pitching for Coastal Carolina University Chanticleers : RHP Eddie Larnach
Batting: LHB Hector Acosta 0-0: Swinging Strike
0-1: Called Strike
0-2: Ground out 4-3 (Groundball, 4, EV 84.4 MPH)
Pitching: RHP Dorian Sander
Batting: RHB Kyle Finney 0-0: Ball
1-0: Called Strike
1-1: Ball
2-1: Foul Ball, location: 2F
2-2: Ball
3-2: Strikes out swinging
Batting: RHB Jordan Nicholas 0-0: Ball
1-0: Foul Ball, location: 2F
1-1: Ball
2-1: Ball
3-1: Base on Balls
Batting: LHB Andrew Barzee 0-0: Foul Ball, location: 2F
0-1: Swinging Strike
0-2: Ball
1-2: Foul Ball, location: 2F
1-2: Strikes out looking
Bottom of the 6th over - 0 runs, 0 hits, 0 errors, 1 left on base; Coastal Carolina University 0 - University of Conneticut 0
TOP OF THE 7TH
Coastal Carolina University Chanticleers batting - Pitching for University of Conneticut Huskies : RHP Sherwood Abernethy
Batting: RHB Oscar Hernandez 0-0: Called Strike
0-1: Ground out 6-3 (Groundball, 6, EV 81.2 MPH)
Batting: RHB Fernando Tovar 0-0: Called Strike
0-1: Swinging Strike
0-2: DOUBLE (Line Drive, 9LM, EV 103.8 MPH)
Batting: RHB Ferri Casteleijn 0-0: Ball
1-0: Ball
2-0: Called Strike
2-1: Ball
3-1: Base on Balls
Batting: RHB Chris Marcellus 0-0: Ball
1-0: Called Strike
1-1: Called Strike
1-2: Ball
2-2: Foul Ball, location: 2F
2-2: SINGLE (Line Drive, 7S, EV 111.9 MPH)
Fernando Tovar to third
Ferri Casteleijn to second
Batting: RHB Dennis Bennett 0-0: Called Strike
0-1: Ball
1-1: Ball
2-1: Called Strike
2-2: Ball
3-2: Base on Balls
Fernando Tovar scores
Ferri Casteleijn to third
Chris Marcellus to second
Batting: LHB Justin Sanders 0-0: Called Strike
0-1: Foul Ball, location: 2F
0-2: Ball
1-2: DOUBLE (Flyball, 8RXD, EV 106.2 MPH)
Ferri Casteleijn scores
Chris Marcellus scores
Dennis Bennett to third
Runner from 3rd tries for Home, SAFE, throw by CF to home
Batting: RHB Isaac Washington 0-0: Ball
1-0: Foul Ball, location: 2F
1-1: Ball
2-1: Called Strike
2-2: Ball
3-2: Base on Balls
Batting: LHB Orlando Hurtado 0-0: Foul Ball, location: 2F
0-1: Ball
1-1: Ball
2-1: Foul Ball, location: 2F
2-2: Fly out, F8 (Line Drive, 8RD, EV 96.9 MPH)
Runner from 2nd tags up, OUT at 3rd! 8-5
Top of the 7th over - 4 runs, 3 hits, 0 errors, 1 left on base; Coastal Carolina University 4 - University of Conneticut 0
BOTTOM OF THE 7TH
University of Conneticut Huskies batting - Pitching for Coastal Carolina University Chanticleers : RHP Dorian Sander
Batting: LHB Omar Alba 0-0: Foul Ball, location: 2F
0-1: Called Strike
0-2: Strikes out swinging
Batting: RHB Cullen Elliott 0-0: Swinging Strike
0-1: Foul Ball, location: 2F
0-2: Ball
1-2: Ball
2-2: Ground out 4-3 (Groundball, 34, EV 85.0 MPH)
Batting: RHB Jack Vokey 0-0: Ball
1-0: Ball
2-0: Hit by Pitch
Batting: RHB Lee Wilbur 0-0: Ball
1-0: Ball
2-0: Ball
3-0: Base on Balls
Jack Vokey to second
Pitching: RHP Jeff Box
Batting: RHB Roku Kawano 0-0: Swinging Strike
0-1: Swinging Strike
0-2: Foul Ball, location: 2F
0-2: Strikes out swinging
Bottom of the 7th over - 0 runs, 0 hits, 0 errors, 2 left on base; Coastal Carolina University 4 - University of Conneticut 0
TOP OF THE 8TH
Coastal Carolina University Chanticleers batting - Pitching for University of Conneticut Huskies : RHP Sherwood Abernethy
Pinch Hitting: LHB Nate Kokx 0-0: Ball
1-0: Ball
2-0: Swinging Strike
2-1: Ground out 1-3 (Groundball, 15, EV 63.1 MPH)
Pitching: RHP Victor Nava
Batting: LHB Ramelan Nasution 0-0: Foul Ball, location: 2F
0-1: Swinging Strike
0-2: Ball
1-2: Ball
2-2: Strikes out looking
Batting: RHB Fernando Tovar 0-0: Fly out, F9 (Flyball, 9S, EV 80.6 MPH)
Top of the 8th over - 0 runs, 0 hits, 0 errors, 0 left on base; Coastal Carolina University 4 - University of Conneticut 0
BOTTOM OF THE 8TH
University of Conneticut Huskies batting - Pitching for Coastal Carolina University Chanticleers : RHP Jeff Box
Now at 3B: Tristan Williams
Batting: LHB Hector Acosta 0-0: Called Strike
0-1: Fly out, F6 (Line Drive, 6M, EV 66.2 MPH)
Batting: RHB Paul Pastrano 0-0: Ball
1-0: Foul Ball, location: 2F
1-1: Ball
2-1: Swinging Strike
2-2: Foul Ball, location: 2F
2-2: Foul Ball, location: 2F
2-2: Foul Ball, location: 2F
2-2: Fly out, F4 (Popup, 34S, EV 86.9 MPH)
Batting: RHB Jordan Nicholas 0-0: Ground out 6-3 (Groundball, 6, EV 83.8 MPH)
Bottom of the 8th over - 0 runs, 0 hits, 0 errors, 0 left on base; Coastal Carolina University 4 - University of Conneticut 0
TOP OF THE 9TH
Coastal Carolina University Chanticleers batting - Pitching for University of Conneticut Huskies : RHP Victor Nava
Batting: RHB Ferri Casteleijn 0-0: Ball
1-0: Ball
2-0: Ball
3-0: Called Strike
3-1: Base on Balls
Pinch Hitting: LHB Justin Kaller 0-0: Ball
Ferri Casteleijn is caught stealing 2nd base 2-6
1-0: Foul Ball, location: 2F
1-1: Swinging Strike
1-2: Ground out U3 (Groundball, 3, EV 84.4 MPH)
Batting: RHB Dennis Bennett 0-0: Ball
1-0: Ball
2-0: Ball
3-0: Base on Balls
Batting: LHB Justin Sanders 0-0: Ball
1-0: Ball
2-0: Ball
3-0: Called Strike
3-1: Ground out 1-3 (Groundball, 13S, EV 65.0 MPH)
Top of the 9th over - 0 runs, 0 hits, 0 errors, 1 left on base; Coastal Carolina University 4 - University of Conneticut 0
BOTTOM OF THE 9TH
University of Conneticut Huskies batting - Pitching for Coastal Carolina University Chanticleers : RHP Jeff Box
Pitching: RHP Jim Eisinger
Now in RF: Chris McDaniel
Pinch Hitting: SHB Miguel Perez 0-0: Swinging Strike
0-1: Ball
1-1: Ground out 1-3 (Groundball, 13S, EV 69.4 MPH)
Pinch Hitting: SHB Ismael Vega 0-0: SINGLE (Line Drive, 8RS, EV 93.1 MPH)
Batting: RHB Cullen Elliott 0-0: Ball
1-0: Fly out, F6 (Popup, 6, EV 55.6 MPH)
Batting: RHB Jack Vokey 0-0: Ball
1-0: Foul Ball, location: 2F
1-1: Called Strike
1-2: Strikes out swinging
Bottom of the 9th over - 0 runs, 1 hit, 0 errors, 1 left on base; Coastal Carolina University 4 - University of Conneticut 0
Tuesday, September 13th , 2022 - OOTP Baseball 23.7 Build 88